 Dungeon Crawl Stone Soup version 0.18.1-48-g4cf74bf (webtiles) character file.

262 WarriorsX the Skirmisher (level 6, -13/52 HPs)
             Began as a Human Fighter on July 27, 2016.
             Mangled by an ogre
             ... wielding a +0 giant spiked club
              (24 damage)
             ... on level 3 of the Dungeon.
             The game lasted 00:08:14 (2984 turns).

WarriorsX the Skirmisher (Human Fighter)            Turns: 2984, Time: 00:08:15

Health: -13/52     AC:  7    Str: 18    XL:     6   Next: 42%
Magic:  6/6        EV:  9    Int: 11    God:
Gold:   130        SH:  0    Dex: 13    Spells: 0 memorised, 5 levels left

rFire  . . .     SeeInvis .     a - +0 long sword
rCold  . . .     Gourm    .     b - +0 scale mail
rNeg   . . .     Faith    .     (no shield)
rPois  .         Spirit   .     (no helmet)
rElec  .         Dismiss  .     (no cloak)
rCorr  .         Reflect  .     r - +0 pair of gloves
SustAt .         Harm     .     (no boots)
MR     .....                    (no amulet)
Stlth  ..........               (no ring)
                                i - +3 ring of intelligence

@: not resistant to hostile enchantments, extremely unstealthy
A: no striking features
a: no special abilities


You were on level 3 of the Dungeon.
You were not hungry.

You visited 1 branch of the dungeon, and saw 4 of its levels.

You collected 130 gold pieces.

Inventory:

Hand Weapons
 a - a +0 long sword (weapon)
 t - a +2 dagger of holy wrath
Armour
 b - a +0 scale mail (worn)
 c - a +0 shield
 r - a +0 pair of gloves (worn)
Jewellery
 i - a +3 ring of intelligence (left hand)
Wands
 n - a wand of iceblast (3/15)
 q - a wand of acid (6/15)
Scrolls
 e - 5 scrolls of teleportation {unknown}
 g - 2 scrolls of identify {unknown}
 h - 2 scrolls of amnesia {unknown}
 j - a scroll of enchant armour {unknown}
 k - a scroll of remove curse {unknown}
 p - a scroll of recharging {unknown}
 s - a scroll of enchant weapon {unknown}
Potions
 d - 3 potions of might
 l - 2 potions of curing {unknown}
 m - 2 potions of magic {unknown}
Comestibles
 f - 2 bread rations
 o - 3 meat rations


   Skills:
 - Level 6.1 Fighting
 + Level 3.1 Long Blades
 - Level 3.0 Armour
 - Level 1.0 Stealth
 - Level 3.0 Shields
 - Level 0.2 Evocations


You had 5 spell levels left.
You didn't know any spells.

Dungeon Overview and Level Annotations

Branches:
Dungeon (4/15)
 Temple: D:4-7

Altars:
Kikubaaqudgha
Okawaru
Xom


Message History

You have reached level 6!
Your experience leads to an increase in your attributes!
Your base attributes are Str 17, Int 8, Dex 13.
Increase (S)trength, (I)ntelligence, or (D)exterity?
You feel stronger.
Things that are here:
a giant club; an ogre corpse
There is a stone staircase leading up here.
You climb upwards.
The ogre hits you with a giant spiked club!!
* * * LOW HITPOINT WARNING * * *
There is a stone staircase leading down, spattered with blood here.
An ogre is nearby!
Keep equipping yourself?
You stop putting on your armour.
An ogre is nearby!
You slash the ogre!
The ogre is heavily wounded.
The ogre hits you with a giant spiked club!!
You die...

#.##........###...
#O##.....##....(.#
#######.##.....#######.#
#.........###### #.....#
#.##.#..#.# #.#####
#.#.....#.# #.#
#.#..#.##.# #.#
#.#....O#.# #.#
#......@..### #.# ##
###.###.#...######.# #.
#.........)......# #.
#.###.#..[######## #.
...##### #. ##### #. #.
## #


You could see an ogre.

Vanquished Creatures
  An ogre (D:4)
  Terence (D:3)
  2 worker ants (D:3)
  3 adders
  An adder zombie (D:3)
  A worm (D:3)
  5 giant geckos
  10 bats
  2 giant cockroaches (D:4)
  7 goblins
  8 hobgoblins
  2 jackals (D:4)
  13 kobolds
  A quokka (D:3)
  3 ball pythons
  7 giant newts
  4 rats
71 creatures vanquished.

Notes
Turn   | Place    | Note
--------------------------------------------------------------
     0 | D:1      | WarriorsX the Human Fighter began the quest for the Orb.
     0 | D:1      | Reached XP level 1. HP: 18/18 MP: 1/1
   180 | D:1      | Reached XP level 2. HP: 22/24 MP: 2/2
  1084 | D:1      | Reached skill level 4 in Fighting
  1084 | D:1      | Reached XP level 3. HP: 26/30 MP: 3/3
  1272 | D:2      | Found an iron altar of Okawaru.
  1412 | D:2      | Found a shimmering altar of Xom.
  1513 | D:2      | Reached XP level 4. HP: 20/38 MP: 4/4
  1704 | D:2      | You fall through a shaft for 2 floors!
  1760 | D:4      | Found an ancient bone altar of Kikubaaqudgha.
  1834 | D:3      | Reached skill level 5 in Fighting
  1880 | D:3      | Reached XP level 5. HP: 36/44 MP: 5/5
  2003 | D:3      | Noticed Terence
  2023 | D:3      | Killed Terence
  2587 | D:3      | Reached skill level 6 in Fighting
  2935 | D:3      | Noticed an ogre
  2960 | D:4      | Noticed an ogre
  2976 | D:4      | Killed an ogre
  2976 | D:4      | Reached skill level 1 in Stealth
  2976 | D:4      | Reached XP level 6. HP: 35/52 MP: 6/6
  2984 | D:3      | Mangled by an ogre

Skill      XL: |  1  2  3  4  5 |
---------------+----------------+-----
Fighting       | 4 5 6 |  6.1
Long Blades    | 3 |  3.1
Stealth        | 1 |  1.0
Armour         | |  3.0
Shields        | |  3.0
Evocations     | |  0.2

Action                   |  1- 3 |  4- 6 || total
-------------------------+-------+-------++-------
Melee: Long sword        |   139 |   136 ||   275
Evoke: Wand              |       |     2 ||     2
  Eat: Chunk             |     2 |     5 ||     7
Armor: Scale mail        |    86 |    69 ||   155
Dodge: Dodged            |    99 |    64 ||   163
